 Dungeon Crawl Stone Soup version 0.28.0-53-g5a82cb258f (webtiles) character file.

Game seed: 14217411509405369678

93 Sin92 the Skirmisher (level 4, -6/36 HPs)
             Began as a Demonspawn Fighter on Aug 2, 2022.
             Was an Initiate of Yredelemnul.
             Killed from afar by Ijyb (39 damage)
             ... with a bolt of acid
             ... on level 3 of the Dungeon.
             The game lasted 00:07:31 (2821 turns).

Sin92 the Skirmisher (Demonspawn Fighter)           Turns: 2821, Time: 00:07:31

Health: -6/36      AC:  6    Str: 18    XL:     4   Next: 37%
Magic:  4/4        EV:  9    Int:  9    God:    Yredelemnul [......]
Gold:   104        SH:  4    Dex: 13    Spells: 3/3 levels left

rFire   . . .      SeeInvis +   o - +1 hand axe (elec)
rCold   . . .      Faith    .   c - +0 buckler
rNeg    . . .      Spirit   .   b - +0 scale mail
rPois   .          Reflect  .   (no helmet)
rElec   .          Harm     .   (no cloak)
rCorr   .          Rampage  .   (no gloves)
Will    .....                   (no boots)
Stlth   ..........              (no amulet)
HPRegen 0.12/turn               f - ring of see invisible
MPRegen 0.09/turn               (no ring)

@: no status effects
A: foul stench 1, sturdy frame 1
a: Renounce Religion, Recall Undead Harvest


You were on level 3 of the Dungeon.
You worshipped Yredelemnul.
Yredelemnul was noncommittal.
You visited 1 branch of the dungeon, and saw 3 of its levels.

You collected 104 gold pieces.

Inventory:

Hand Weapons
 a - a +0 war axe
 o - a +1 hand axe of electrocution (weapon)
Armour
 b - a +0 scale mail (worn)
 c - a +0 buckler (worn)
Jewellery
 f - a ring of see invisible (left hand)
Wands
 m - a wand of iceblast (14)
Scrolls
 h - a scroll of amnesia {unknown}
 j - a scroll of identify {unknown}
 k - a scroll of fog {unknown}
Potions
 d - a potion of might
 e - 2 potions of degeneration {unknown}
 g - a potion of mutation {unknown}
 i - a potion of brilliance {unknown}
 l - a potion of attraction {unknown}
 n - a potion of ambrosia {unknown}


   Skills:
 + Level 3.6 Fighting
 + Level 2.6 Axes
 + Level 3.3 Armour
 + Level 3.3 Shields


You had 3 spell levels left.
You didn't know any spells.
Your spell library was empty.

Dungeon Overview and Level Annotations

Branches:
Dungeon (3/15)

Altars:
Yredelemnul

Annotations:
D:3 Ijyb


Innate Abilities, Weirdness & Mutations

You may rarely emit foul miasma when damaged in melee.
Your movements are slightly less encumbered by armour. (ER -2)


Message History

Your mindless puppets stay behind to rot.
Found a robe, a dark potion and a glowing hand axe.
There is a stone staircase leading up here.
n - a dark potion You see here a +1 hand axe of electrocution.
o - a +1 hand axe of electrocution You hear the crackle of electricity.
o - a +1 hand axe of electrocution (weapon)
A frilled lizard comes into view.
The frilled lizard hisses angrily.
A frilled lizard is nearby!
A frilled lizard is nearby!
A frilled lizard is nearby!
Found a ring mail.
A kobold comes into view. It is wielding a +0 whip.
The kobold shouts!
You hear an angry hiss.
The frilled lizard bites you but does no damage.
You barely miss the frilled lizard. The frilled lizard barely misses you.
You miss the frilled lizard. You block the frilled lizard's attack.
You closely miss the frilled lizard.
Ijyb the Twisted Goblin comes into view.
She is wielding a +0 club and carrying a wand of acid (8).
The frilled lizard bites you but does no damage.
The frilled lizard barely misses you.
Ijyb shouts!
You hit the frilled lizard.
You kill the frilled lizard!
You barely miss the kobold.
A black mist starts to gather...
You hear an angry hiss.
The kobold hits you with a +0 whip.
You hit the kobold. Lightning courses through the kobold!!
You kill the kobold!
A black mist starts to gather...
A ball python comes into view.
An adder comes into view.
The adder hisses angrily.
You see here a +0 whip.
Ijyb zaps a wand.
The bolt of acid hits you!!!
Ouch! That really hurt!
You die...
Your body rises from the dead as a mindless zombie.

.......###
#....[....
#......... #..
#......... #...
#........ #...
#........ #...##
#Z..# #....# #.).#
#....###Z.@###.
#..........g......
#.............S...
#..............S..
#........###......
####.....# ......
#.....# ......
#.....# ......
#.....# ..


You could see Ijyb (ally target), an adder, a ball python, a friendly frilled
lizard zombie and a friendly kobold zombie.

Vanquished Creatures
  5 adders (D:2)
  5 endoplasms
  2 giant cockroaches
  3 goblins (D:2)
  3 hobgoblins
  7 kobolds
  2 quokkas
  6 ball pythons
  6 bats
  5 frilled lizards
  4 rats
48 creatures vanquished.

Vanquished Creatures (collateral kills)
  A goblin (D:2)
1 creature vanquished.

Grand Total: 49 creatures vanquished

Notes
Turn   | Place    | Note
-------+----------+-------------------------------------------
     0 | D:1      | Sin92 the Demonspawn Fighter began the quest for the Orb.
     0 | D:1      | Reached XP level 1. HP: 18/18 MP: 1/1
   380 | D:1      | Gained mutation: You may rarely emit foul miasma when
                  | damaged in melee. [demonic ancestry]
   380 | D:1      | Reached XP level 2. HP: 14/24 MP: 2/2
  1598 | D:2      | Reached XP level 3. HP: 15/29 MP: 3/3
  2068 | D:2      | Found a faded altar of an unknown god.
  2301 | D:2      | Gained mutation: Your movements are slightly less
                  | encumbered by armour. (ER -2) [demonic ancestry]
  2301 | D:2      | Reached XP level 4. HP: 35/35 MP: 4/4
  2511 | D:2      | Prayed at the altar of an unknown god.
  2511 | D:2      | Became a worshipper of Yredelemnul the Dark
  2511 | D:2      | Reached * piety under Yredelemnul
  2817 | D:3      | Noticed Ijyb
  2821 | D:3      | Killed from afar by Ijyb

Illustrated notes

Levels and vault maps discovered:
D:1:      dpeg_arrival_yet_another_circle, layout_basic, minmay_vboxes
D:2:      layout_basic, nicolae_ecumenical_lake_church,
          nicolae_elevator_lobby_asterisk
D:3:      layout_basic, nicolae_ashenzari_skybound, mainiacjoe_overflow_paths,
          item_on_display_a, uniq_ijyb

Skill      XL: |  1  2 |
---------------+-------+-----
Axes           | 2 |  2.6
Shields        | 3 |  3.3
Armour         | 3 |  3.3
Fighting       | |  3.6

Action                   |  1- 3 |  4- 6 || total
-------------------------+-------+-------++-------
Melee: War axe           |   124 |    15 ||   139
       Hand axe          |       |     5 ||     5
  Use: Scroll            |     1 |       ||     1
Armor: Scale mail        |    69 |    11 ||    80
Dodge: Dodged            |    72 |     8 ||    80
Block: Buckler           |    28 |     3 ||    31
